BSA
HOUSTON MARSHALS @ MADISON BOMBERS
06/21/2026
 
TOP OF THE 1ST
Toronto Titans batting - Pitching for Madison Bombers : RHP Bennie Jones
Pitching: RHP Bennie Jones
Batting: SHB Ramón Lugo 0-0: Ball
1-0: Ball
2-0: Called Strike
2-1: Foul Ball, location: 2F
2-2: Foul Ball, location: 2F
2-2: Fly out, F7 (Flyball, 78M)
Batting: LHB Kent MacDulothe 0-0: Foul Ball, location: 2F
0-1: Called Strike
0-2: Strikes out swinging
Batting: LHB José Rodríguez 0-0: Ball
1-0: Ground out 4-3 (Groundball, 4)
Top of the 1st over - 0 run(s), 0 hit(s), 0 error(s), 0 left on base; Toronto 0 - Madison 0
BOTTOM OF THE 1ST
Madison Bombers batting - Pitching for Toronto Titans : LHP Stan Aldridge
Pitching: LHP Stan Aldridge
Batting: LHB Robin Hill 0-0: Called Strike
0-1: Ground out 4-3 (Groundball, 4S)
Batting: RHB Alonso Holguín 0-0: Called Strike
0-1: Swinging Strike
0-2: Ball
1-2: Ball
2-2: Ground out 6-3 (Groundball, 6M)
Batting: LHB Seung-chun Mun 0-0: Ball
1-0: Swinging Strike
1-1: Ground out 4-3 (Groundball, 4M)
Bottom of the 1st over - 0 run(s), 0 hit(s), 0 error(s), 0 left on base; Toronto 0 - Madison 0
TOP OF THE 2ND
Toronto Titans batting - Pitching for Madison Bombers : RHP Bennie Jones
Batting: LHB Roberto García 0-0: Called Strike
0-1: Called Strike
0-2: Foul Ball, location: 2F
0-2: Ball
1-2: SINGLE (Line Drive, 6MD)
Batting: SHB Álex Rosado 0-0: Ball
1-0: Ball
2-0: Ball
3-0: Called Strike
3-1: Foul Ball, location: 2F
3-2: Ground out U3 (Groundball, 3L)
Roberto García to second
Batting: SHB Juan Gómez 0-0: Called Strike
0-1: Ball
1-1: Ball
2-1: Ball
3-1: Foul Ball, location: 2F
3-2: Strikes out swinging
Batting: LHB Matt Smith 0-0: Ball
1-0: Swinging Strike
1-1: Foul Ball, location: 2F
1-2: Foul Ball, location: 2F
1-2: Ball
2-2: Ball
3-2: Foul Ball, location: 2F
3-2: Strikes out swinging
Top of the 2nd over - 0 run(s), 1 hit(s), 0 error(s), 1 left on base; Toronto 0 - Madison 0
BOTTOM OF THE 2ND
Madison Bombers batting - Pitching for Toronto Titans : LHP Stan Aldridge
Batting: LHB Mike Callahan 0-0: Called Strike
0-1: Called Strike
0-2: Ball
1-2: Strikes out swinging
Batting: RHB Sergio Márquez 0-0: Foul Ball, location: 2F
0-1: Foul Ball, location: 2F
0-2: Ball
1-2: Foul Ball, location: 2F
1-2: Ball
2-2: Ball
3-2: Ground out 6-3 (Groundball, 4MS)
Batting: LHB Sixto Cantú 0-0: Foul Ball, location: 2F
0-1: Foul Ball, location: 2F
0-2: Ball
1-2: Ball
2-2: Foul Ball, location: 2F
2-2: Strikes out looking
Bottom of the 2nd over - 0 run(s), 0 hit(s), 0 error(s), 0 left on base; Toronto 0 - Madison 0
TOP OF THE 3RD
Toronto Titans batting - Pitching for Madison Bombers : RHP Bennie Jones
Batting: RHB Alberto Velásquez 0-0: Ball
1-0: Called Strike
1-1: Ball
2-1: Fly out, F7 (Flyball, 78M)
Batting: RHB Pedro Rosado 0-0: Called Strike
0-1: Called Strike
0-2: Ground out 1-3 (Groundball, 13)
Batting: SHB Ramón Lugo 0-0: Ball
1-0: Foul Ball, location: 2F
1-1: Ball
2-1: Ball
3-1: Swinging Strike
3-2: Foul Ball, location: 2F
3-2: Base on Balls
Batting: LHB Kent MacDulothe 0-0: Foul Ball, location: 2F
0-1: Foul Ball, location: 2F
0-2: Foul Ball, location: 2F
0-2: Ball
1-2: Strikes out swinging
Top of the 3rd over - 0 run(s), 0 hit(s), 0 error(s), 1 left on base; Toronto 0 - Madison 0
BOTTOM OF THE 3RD
Madison Bombers batting - Pitching for Toronto Titans : LHP Stan Aldridge
Batting: RHB Cris Fuentes 0-0: Called Strike
0-1: Ball
1-1: Fly out, F7 (Flyball, 78D)
Batting: SHB Dave MacThomas 0-0: Ball
1-0: Swinging Strike
1-1: Foul Ball, location: 2F
1-2: Foul Ball, location: 2F
1-2: Ball
2-2: Ball
3-2: Base on Balls
Batting: RHB Guo-xiu Choi 0-0: Ball
1-0: Foul Ball, location: 2F
1-1: Swinging Strike
1-2: Grounds into double play, 4-6-3 (Groundball, 4)
Bottom of the 3rd over - 0 run(s), 0 hit(s), 0 error(s), 0 left on base; Toronto 0 - Madison 0
TOP OF THE 4TH
Toronto Titans batting - Pitching for Madison Bombers : RHP Bennie Jones
Batting: LHB José Rodríguez 0-0: Ball
1-0: Ball
2-0: Called Strike
2-1: Swinging Strike
2-2: Ball
3-2: Base on Balls
Batting: LHB Roberto García 0-0: Ball
1-0: Foul Ball, location: 2F
1-1: Ball
2-1: Ball
3-1: Base on Balls
José Rodríguez to second
Batting: SHB Álex Rosado 0-0: Called Strike
0-1: Called Strike
0-2: Ball
1-2: Strikes out looking
Batting: SHB Juan Gómez 0-0: Fly out, F6 (Popup, 56)
Batting: LHB Matt Smith 0-0: Called Strike
0-1: Ball
1-1: Ball
2-1: Foul Ball, location: 2F
2-2: Strikes out swinging
Top of the 4th over - 0 run(s), 0 hit(s), 0 error(s), 2 left on base; Toronto 0 - Madison 0
BOTTOM OF THE 4TH
Madison Bombers batting - Pitching for Toronto Titans : LHP Stan Aldridge
Batting: LHB Robin Hill 0-0: SINGLE (Groundball, 3D)
Batting: RHB Alonso Holguín 0-0: Ball
1-0: Fly out, F9 (Flyball, 9M)
Batting: LHB Seung-chun Mun 0-0: Called Strike
0-1: Ball
1-1: Foul Ball, location: 2F
1-2: Ball
2-2: Foul Ball, location: 2F
2-2: Foul Ball, location: 2F
2-2: Foul Ball, location: 2F
2-2: Foul Ball, location: 2F
2-2: Ball
3-2: Foul Ball, location: 2F
3-2: Base on Balls
Robin Hill to second
Batting: LHB Mike Callahan 0-0: Ball
1-0: Ball
2-0: Ball
3-0: Called Strike
3-1: Grounds into double play, 6-4-3 (Groundball, 6M)
Bottom of the 4th over - 0 run(s), 1 hit(s), 0 error(s), 1 left on base; Toronto 0 - Madison 0
TOP OF THE 5TH
Toronto Titans batting - Pitching for Madison Bombers : RHP Bennie Jones
Batting: RHB Alberto Velásquez 0-0: Foul Ball, location: 2F
0-1: Ball
1-1: Ground out 6-3 (Groundball, 6M)
Batting: RHB Pedro Rosado 0-0: Ball
1-0: SINGLE (Line Drive, 34D)
Batting: SHB Ramón Lugo 0-0: Foul Ball, location: 2F
0-1: Foul Ball, location: 2F
0-2: Ball
1-2: Ball
2-2: Ball
Pedro Rosado steals 2nd base
3-2: Foul Ball, location: 2F
3-2: Foul Ball, location: 2F
3-2: Base on Balls
Batting: LHB Kent MacDulothe 0-0: Called Strike
0-1: Foul Ball, location: 2F
0-2: Ball
1-2: Foul Ball, location: 2F
1-2: Foul Ball, location: 2F
1-2: Ball
2-2: Strikes out swinging
Batting: LHB José Rodríguez 0-0: Ball
1-0: Foul Ball, location: 2F
1-1: Foul Ball, location: 2F
1-2: Foul Ball, location: 2F
1-2: Foul Ball, location: 2F
1-2: Foul Ball, location: 2F
1-2: Ball
2-2: Foul Ball, location: 2F
2-2: Ground out 4-3 (Groundball, 34)
Top of the 5th over - 0 run(s), 1 hit(s), 0 error(s), 2 left on base; Toronto 0 - Madison 0
BOTTOM OF THE 5TH
Madison Bombers batting - Pitching for Toronto Titans : LHP Stan Aldridge
Batting: RHB Sergio Márquez 0-0: Called Strike
0-1: Ball
1-1: Foul Ball, location: 2F
1-2: Ball
2-2: Ball
3-2: Base on Balls
Batting: LHB Sixto Cantú 0-0: SINGLE (Groundball, 6MD)
Sergio Márquez to second
Batting: RHB Cris Fuentes 0-0: Called Strike
0-1: Grounds into double play, 6-4-3 (Groundball, 6)
Sergio Márquez to third
Batting: SHB Dave MacThomas 0-0: Foul Ball, location: 2F
0-1: Foul Ball, location: 2F
0-2: SINGLE (Line Drive, 78S)
Sergio Márquez scores
Batting: RHB Guo-xiu Choi 0-0: Called Strike
0-1: Called Strike
0-2: Fly out, F9 (Flyball, 89D)
Bottom of the 5th over - 1 run(s), 2 hit(s), 0 error(s), 1 left on base; Toronto 0 - Madison 1
TOP OF THE 6TH
Toronto Titans batting - Pitching for Madison Bombers : RHP Bennie Jones
Batting: LHB Roberto García 0-0: Ball
1-0: Fly out, F6 (Popup, 6D)
Batting: SHB Álex Rosado 0-0: Called Strike
0-1: Foul Ball, location: 2F
0-2: Foul Ball, location: 2F
0-2: Ball
1-2: Ball
2-2: Strikes out swinging
Batting: SHB Juan Gómez 0-0: Called Strike
0-1: Ball
1-1: Ball
2-1: Swinging Strike
2-2: Strikes out swinging
Top of the 6th over - 0 run(s), 0 hit(s), 0 error(s), 0 left on base; Toronto 0 - Madison 1
BOTTOM OF THE 6TH
Madison Bombers batting - Pitching for Toronto Titans : LHP Stan Aldridge
Batting: LHB Robin Hill 0-0: Ball
1-0: Called Strike
1-1: DOUBLE (Flyball, 9LM)
Batting: RHB Alonso Holguín 0-0: Ball
1-0: Called Strike
Robin Hill steals 3rd base
1-1: Foul Ball, location: 2F
1-2: Foul Ball, location: 2F
1-2: Ball
2-2: Ground out 6-3 (Groundball, 6)
Batting: LHB Seung-chun Mun 0-0: Ball
1-0: Foul Ball, location: 2F
1-1: Swinging Strike
1-2: Ball
2-2: Fly out, F8 (Flyball, 8LXD)
Runner from 3rd tags up, SCORES, no throw
Batting: LHB Mike Callahan 0-0: Ball
1-0: Called Strike
1-1: Ball
2-1: Foul Ball, location: 2F
2-2: Ball
3-2: Foul Ball, location: 2F
3-2: Foul Ball, location: 2F
3-2: Base on Balls
Batting: RHB Sergio Márquez 0-0: Foul Ball, location: 2F
0-1: Called Strike
0-2: Ball
1-2: 2-RUN HOME RUN (Flyball, 78XD), Distance : 408 ft
Batting: LHB Sixto Cantú 0-0: Ball
1-0: Ball
2-0: Ball
3-0: Base on Balls
Pitching: RHP Vinícius Itaquy
Batting: RHB Cris Fuentes 0-0: SINGLE (Line Drive, 89S)
Sixto Cantú to second
Runner from 2nd tries for 3rd, SAFE, throw made to third
Batting: SHB Dave MacThomas 0-0: Ball
1-0: Called Strike
1-1: Fielders Choice at 2nd, U6 (Groundball, 6M)
Bottom of the 6th over - 3 run(s), 3 hit(s), 0 error(s), 2 left on base; Toronto 0 - Madison 4
TOP OF THE 7TH
Toronto Titans batting - Pitching for Madison Bombers : RHP Bennie Jones
Batting: LHB Matt Smith 0-0: Called Strike
0-1: Fly out, F8 (Flyball, 8LXD)
Batting: RHB Alberto Velásquez 0-0: Swinging Strike
0-1: Ball
1-1: Bunted foul
1-2: SINGLE (Groundball, 34) (infield hit)
Pitching: LHP Dave Carbone
Batting: RHB Pedro Rosado 0-0: Ball
1-0: Called Strike
1-1: Ball
2-1: Foul Ball, location: 2F
2-2: Foul Ball, location: 2F
2-2: SINGLE (Flyball, 8LS)
Alberto Velásquez to second
Runner from 2nd tries for 3rd, SAFE, throw made to third
Batting: SHB Ramón Lugo 0-0: Ball
1-0: Called Strike
1-1: Ball
2-1: Called Strike
2-2: Fly out, F3 (Popup, 3SF)
Batting: LHB Kent MacDulothe 0-0: Called Strike
0-1: Ball
1-1: SINGLE (Line Drive, 8RS)
Alberto Velásquez scores
Pedro Rosado to second
Batting: LHB José Rodríguez 0-0: Called Strike
0-1: Called Strike
0-2: Ball
1-2: Strikes out swinging
Top of the 7th over - 1 run(s), 3 hit(s), 0 error(s), 2 left on base; Toronto 1 - Madison 4
BOTTOM OF THE 7TH
Madison Bombers batting - Pitching for Toronto Titans : RHP Vinícius Itaquy
Batting: RHB Guo-xiu Choi 0-0: Ball
1-0: Foul Ball, location: 2F
1-1: Ground out 4-3 (Groundball, 4)
Batting: LHB Robin Hill 0-0: Called Strike
0-1: Ball
1-1: Swinging Strike
1-2: Ball
2-2: Ground out 6-3 (Groundball, 6)
Batting: RHB Alonso Holguín 0-0: Swinging Strike
0-1: Ball
1-1: Called Strike
1-2: Foul Ball, location: 2F
1-2: Ball
2-2: Foul Ball, location: 2F
2-2: Foul Ball, location: 2F
2-2: Foul Ball, location: 2F
2-2: Ball
3-2: Ground out 5-3 (Groundball, 56S)
Bottom of the 7th over - 0 run(s), 0 hit(s), 0 error(s), 0 left on base; Toronto 1 - Madison 4
TOP OF THE 8TH
Toronto Titans batting - Pitching for Madison Bombers : LHP Dave Carbone
Batting: LHB Roberto García 0-0: Called Strike
0-1: Ball
1-1: Foul Ball, location: 2F
1-2: Ball
2-2: Foul Ball, location: 2F
2-2: Ball
3-2: Base on Balls
Batting: SHB Álex Rosado 0-0: Foul Ball, location: 2F
0-1: Ball
1-1: DOUBLE (Groundball, 5L)
Roberto García to third
Batting: SHB Juan Gómez 0-0: Ball
1-0: Foul Ball, location: 2F
1-1: Ground out 3-1 (Groundball, 34S)
Roberto García scores
Álex Rosado to third
Batting: LHB Matt Smith 0-0: 2-RUN HOME RUN (Flyball, 89XD), Distance : 403 ft
Pitching: RHP Arturo Leal
Batting: RHB Alberto Velásquez 0-0: Ball
1-0: SOLO HOME RUN (Flyball, 78XD), Distance : 400 ft
Batting: RHB Pedro Rosado 0-0: Called Strike
0-1: Foul Ball, location: 2F
0-2: Foul Ball, location: 2F
0-2: Ball
1-2: Foul Ball, location: 2F
1-2: Ball
2-2: Foul Ball, location: 2F
2-2: Strikes out swinging
Batting: SHB Ramón Lugo 0-0: Called Strike
0-1: Ball
1-1: Foul Ball, location: 2F
1-2: Ball
2-2: Foul Ball, location: 2F
2-2: Foul Ball, location: 2F
2-2: Ball
3-2: Foul Ball, location: 2F
3-2: Fly out, F8 (Flyball, 8RM)
Top of the 8th over - 4 run(s), 3 hit(s), 0 error(s), 0 left on base; Toronto 5 - Madison 4
BOTTOM OF THE 8TH
Madison Bombers batting - Pitching for Toronto Titans : RHP Vinícius Itaquy
Pitching: RHP Pablo Cabral
Batting: LHB Seung-chun Mun 0-0: Ball
1-0: Called Strike
1-1: Ball
2-1: Foul Ball, location: 2F
2-2: Foul Ball, location: 2F
2-2: Strikes out looking
Batting: LHB Mike Callahan 0-0: Called Strike
0-1: Swinging Strike
0-2: Ground out 5-3 (Groundball, 56)
Batting: RHB Sergio Márquez 0-0: Ball
1-0: Called Strike
1-1: Ball
2-1: Ball
3-1: Base on Balls
Batting: LHB Sixto Cantú 0-0: Ground out 4-3 (Groundball, 4)
Bottom of the 8th over - 0 run(s), 0 hit(s), 0 error(s), 1 left on base; Toronto 5 - Madison 4
TOP OF THE 9TH
Toronto Titans batting - Pitching for Madison Bombers : RHP Arturo Leal
Pitching: RHP Alonso Gallardo
Batting: LHB Kent MacDulothe 0-0: Ball
1-0: Foul Ball, location: 2F
1-1: Ball
2-1: Foul Ball, location: 2F
2-2: Strikes out looking
Batting: LHB José Rodríguez 0-0: Fly out, F7 (Flyball, 78XD)
Pitching: RHP Ramiro Rivera
Batting: LHB Roberto García 0-0: Called Strike
0-1: Ball
1-1: Ball
2-1: Ground out 3-1 (Groundball, 34S)
Top of the 9th over - 0 run(s), 0 hit(s), 0 error(s), 0 left on base; Toronto 5 - Madison 4
BOTTOM OF THE 9TH
Madison Bombers batting - Pitching for Toronto Titans : RHP Pablo Cabral
Pitching: RHP Dave Rhodes
Batting: RHB Cris Fuentes 0-0: Fly out, F7 (Flyball, 7M)
Batting: SHB Dave MacThomas 0-0: Ball
1-0: Ball
2-0: Called Strike
2-1: Foul Ball, location: 2F
2-2: SINGLE (Groundball, 34D)
Batting: RHB Guo-xiu Choi 0-0: Called Strike
0-1: Ball
1-1: Ground out 4-3 (Groundball, 4S)
Dave MacThomas to second
Batting: LHB Robin Hill 0-0: Called Strike
0-1: Swinging Strike
0-2: Ball
1-2: Ball
2-2: Foul Ball, location: 2F
2-2: Foul Ball, location: 2F
2-2: Fly out, F5 (Popup, 25)
Bottom of the 9th over - 0 run(s), 1 hit(s), 0 error(s), 1 left on base; Toronto 5 - Madison 4
Monday, December 5th, 2016 - OOTP Baseball 17.12 Build 75